 Dungeon Crawl Stone Soup version 0.26-a0-652-gafc20e3620 (webtiles) character file.

Game seed: 677076958996882066

18 smeego the Ducker (level 2, -4/21 HPs)
             Began as an Octopode Fighter on Oct 3, 2020.
             Killed from afar by Sigmund (7 damage)
             ... with a magic dart
             ... on level 2 of the Dungeon.
             The game lasted 00:00:38 (869 turns).

smeego the Ducker (Octopode Fighter)                 Turns: 869, Time: 00:00:38

Health: -4/21      AC:  1    Str: 15    XL:     2   Next: 70%
Magic:  2/2        EV: 11    Int: 10    God:
Gold:   62         SH:  0    Dex: 11    Spells: 1/1 levels left

rFire    . . .     SeeInvis .   a - +0 long sword
rCold    . . .     Faith    .   b - +0 kite shield
rNeg     . . .     Spirit   .   (helmet restricted)
rPois    .         Reflect  .   (no amulet)
rElec    .         Harm     .   (no ring)
rCorr    .         Rampage  .   (no ring)
MR       .....                  (no ring)
Stlth    ++........             (no ring)
HPRegen  0.07/turn              (no ring)
MPRegen  0.08/turn              (no ring)
                                (no ring)
                                (no ring)

@: confused
A: almost no armour, stealthy swim, amphibious, 8 rings, constrict 8, camouflage
1, gelatinous body 1
a: no special abilities


You were on level 2 of the Dungeon.
You visited 1 branch of the dungeon, and saw 2 of its levels.

You collected 62 gold pieces.

Inventory:

Hand Weapons
 a - a +0 long sword (weapon)
 f - a +0 dagger
Armour
 b - a +0 kite shield (worn)
Scrolls
 h - 5 scrolls of identify {unknown}
 j - a scroll of teleportation {unknown}
 l - a scroll of enchant weapon {unknown}
Potions
 c - a potion of might
 d - a potion of brilliance {unknown}
 e - a potion of flight {unknown}
 g - a potion of invisibility {unknown}
 i - a potion of mutation {unknown}
 k - a potion of haste {unknown}
 m - a potion of curing {unknown}


   Skills:
 + Level 3.0 Fighting
 * Level 2.4 Long Blades
 + Level 0.5 Throwing
 + Level 3.1 Dodging
 + Level 0.7 Stealth
 + Level 3.1 Shields
 + Level 0.3 Unarmed Combat


You had one spell level left.
You didn't know any spells.
Your spell library was empty.

Dungeon Overview and Level Annotations

Branches:
Dungeon (2/15)

Altars:

Annotations:
D:2 Sigmund


Innate Abilities, Weirdness & Mutations

You cannot wear most types of armour.
You are very stealthy in the water. (Stealth+)
You are amphibious.
You can wear up to eight rings at the same time.
You can use your tentacles to constrict eight enemies at once.
Your skin changes colour to match your surroundings (Stealth+).
Your rubbery body absorbs attacks. (AC +1, EV +1)


Message History

Sigmund points at you and mumbles some strange words.
You are confused.
Sigmund gestures wildly while chanting.
Sigmund flickers and vanishes!
Deactivating autopickup; reactivate with Ctrl-A.
You bump into the rock wall.
Something hits you!
You bump into the rock wall.
You bump into the rock wall.
You feel less confused. You block something's attack.
You are confused.
You see here a scroll labeled ZIMIOZ QOEP.
You bump into the rock wall.
Something tries to affect you, but you resist.
A puff of flame appears from out of thin air!
The puff of flame hits you!
* * * LOW HITPOINT WARNING * * *
A magic dart appears from out of thin air!
The magic dart hits you!
You die...

#.# #.# ###### #.# #....#
#.# #....# #.# ####....#
#.#
##.#####.@.....########.##
.......?.......'........>.
##.##.##.......########.##
# #..................
#...############.##
#..{......# #.##
#.)......... #.##
#........... #.##
#............)##...


There were no monsters in sight!

Vanquished Creatures
  A ball python (D:1)
  A bat (D:1)
  5 goblins
  3 hobgoblins
  4 kobolds
  3 rats (D:1)
17 creatures vanquished.

Notes
Turn   | Place    | Note
-------+----------+-------------------------------------------
     0 | D:1      | smeego the Octopode Fighter began the quest for the Orb.
     0 | D:1      | Reached XP level 1. HP: 16/16 MP: 1/1
   275 | D:1      | Reached XP level 2. HP: 21/21 MP: 2/2
   854 | D:2      | Noticed Sigmund
   869 | D:2      | Killed from afar by Sigmund

Illustrated notes

Levels and vault maps discovered:
D:1:      psy_arrival_wood_between_worlds, layout_loops_ring, bh_walls_and_bars
D:2:      layout_basic, uniq_sigmund

Action                   || total
-------------------------++-------
Melee: Long sword        ||    24
       Constrict         ||     4
       Tentacles         ||     4
 Stab: Sleeping          ||     5
Dodge: Dodged            ||     5
Block: Kite shield       ||     5

Table legend: (Time is in decaauts)
 A = Elapsed time spent in this place.
 B = Non-inter-level travel time spent in this place.
 C = Inter-level travel time spent in this place.
 D = Time resting spent in this place.
 E = Time spent auto-exploring this place.
 F = Levels seen in this place.
 G = Mean time per level.
                   A        B        C        D        E       F      G
               +--------+--------+--------+--------+--------+-----+--------+
         Total |    878 |    820 |     58 |      0 |    693 |   2 |  439.0 |
       Dungeon |    878 |    820 |     58 |      0 |    693 |   2 |  439.0 |
               +--------+--------+--------+--------+--------+-----+--------+

Top non-repeatable levels by time:
     D:1: 792 daAuts
     D:2: 85 daAuts
